 Dungeon Crawl Stone Soup version 0.31.0-11-ge490571c62 (webtiles) character file.

Game seed: 9463648354237024571

109 qw the Skirmisher (level 4, -1/25 HPs)
             Began as a Deep Elf Hunter on Feb 4, 2024.
             Slain by a gnoll
             ... wielding a +2 flail of protection
              (9 damage)
             ... on level 4 of the Dungeon.
             The game lasted 00:00:07 (2438 turns).

qw the Skirmisher (Deep Elf Hunter)                 Turns: 2438, Time: 00:00:07

Health: -1/25      AC:  9    Str: 10    XL:     4   Next: 59%
Magic:  6/6        EV: 11    Int: 14    God:
Gold:   136        SH:  5    Dex: 18    Spells: 3/3 levels left

rFire   . . .        a - +3 shortbow
rCold   . . .        (shield currently unavailable)
rNeg    + . .        j - +0 ring mail
rPois   .            (no helmet)
rElec   .            (no cloak)
rCorr   .            e - +0 pair of gloves
SInv    .            f - +2 pair of boots {rampage}
Will    .....        d - amulet of reflection
Stlth   +            g - ring of positive energy
HPRegen 0.24/turn    (no ring)
MPRegen 0.10/turn

%: reflection, rampage
@: no status effects
A: no striking features
a: no special abilities


You were on level 4 of the Dungeon.
You visited 1 branch of the dungeon, and saw 4 of its levels.

You collected 136 gold pieces.


   Skills:
 - Level 1.5 Fighting
 + Level 8.0 Ranged Weapons
 - Level 2.4 Dodging
 - Level 1.2 Stealth


You had 3 spell levels left.
You didn't know any spells.
Your spell library was empty.

Inventory:

Hand Weapons
 a - a +3 shortbow (weapon)
Armour
 e - a +0 pair of gloves (worn)
 f - a +2 pair of boots of rampaging (worn)
 j - a +0 ring mail (worn)
Jewellery
 d - an amulet of reflection (around neck)
 g - a ring of positive energy (left hand)
Potions
 h - a potion of haste
 i - a potion of curing

Dungeon Overview and Level Annotations

Branches:
Dungeon (4/15)
 Temple: D:4-7

Altars:


Message History

You open the door.
There is an open door here.
You open the door. 2 gnolls come into view.
A gnoll is wielding a +2 flail of protection.
The gnoll shouts!
A gnoll comes into view. It is wielding a +0 halberd.
You shoot an arrow. The gnoll shouts!
The arrow hits the gnoll.
The gnoll is moderately wounded.
You shoot an arrow.
The arrow hits the gnoll but does no damage.
The gnoll is moderately wounded.
You shoot an arrow. The arrow hits the gnoll.
The gnoll is severely wounded.
You block the gnoll's attack.
The gnoll hits you from afar with a +0 halberd!
You shoot an arrow. The arrow barely misses the gnoll.
The gnoll barely misses you. You block the gnoll's attack.
The gnoll barely misses you.
You shoot an arrow.
The arrow hits the gnoll but does no damage.
The gnoll is severely wounded.
The gnoll hits you with a +2 flail of protection.
The gnoll barely misses you. The gnoll closely misses you.
You shoot an arrow. The arrow hits the gnoll.
The gnoll is severely wounded.
The gnoll hits you with a +2 flail of protection!
The gnoll hits you but does no damage. x2
You shoot an arrow. The arrow hits the gnoll!
You kill the gnoll!
The gnoll hits you with a +2 flail of protection.
The gnoll hits you but does no damage. The gnoll misses you.
The gnoll closely misses you.
Your Ranged Weapons skill increases to level 8!
You shoot an arrow. The arrow hits the gnoll.
The gnoll is moderately wounded.
The gnoll hits you with a +2 flail of protection!
You die...

....................
..................#
..................+
..................#+
....................
....................
....###'##..<.......
. #....#....####..
#@)..#....#
#g####....# #.g
#....# #... #....#
#....#....#
#+####....#


You could see 2 gnolls.

Vanquished Creatures
  An orc wizard (D:3)
  A gnoll (D:4)
  3 adders
  A ribbon worm (D:3)
  4 orcs (D:3)
  4 endoplasms
  2 giant cockroaches
  3 goblins
  3 hobgoblins
  2 jackals (D:3)
  2 ball pythons (D:2)
  6 bats
  3 frilled lizards
  3 kobolds (D:1)
  6 rats (D:2)
44 creatures vanquished.

Notes
Turn   | Place    | Note
-------+----------+-------------------------------------------
     0 | D:1      | qw the Deep Elf Hunter began the quest for the Orb.
     0 | D:1      | Reached XP level 1. HP: 12/12 MP: 3/3
     0 | D:1      | 0 ||| qw: Version: 0.3-a-160-g6735b56
     0 | D:1      | 0 ||| qw: Game counter: 4347
     0 | D:1      | 0 ||| qw: Melee chars always use a shield: true
     0 | D:1      | 0 ||| qw: God list: Okawaru
     0 | D:1      | 0 ||| qw: Allow faded altars: false
     0 | D:1      | 0 ||| qw: Do Orc after clearing Dungeon:15 true
     0 | D:1      | 0 ||| qw: Do second Lair branch before Depths: true
     0 | D:1      | 0 ||| qw: Lair rune preference: random
     0 | D:1      | 0 ||| qw: Goals: Normal
     0 | D:1      | 0 ||| PLANNING D:1-11
   371 | D:1      | Reached skill level 6 in Ranged Weapons
   371 | D:1      | Reached XP level 2. HP: 11/16 MP: 4/4
   764 | D:1      | 764 ||| UPGRADING to amulet of regeneration.
   769 | D:1      | 769 ||| UPGRADING to ring of positive energy.
   770 | D:1      | 770 ||| READING 2 scrolls labelled ROD KYWORIEN.
   770 | D:1      | 770 ||| IDENTIFYING bubbling puce potion
   771 | D:1      | 771 ||| READING scroll of identify.
   771 | D:1      | 771 ||| IDENTIFYING glowing orange potion
   772 | D:1      | 772 ||| DROPPING scroll of butterflies.
   773 | D:1      | 773 ||| DROPPING potion of brilliance.
   774 | D:1      | 774 ||| DROPPING potion of lignification.
   956 | D:2      | Reached XP level 3. HP: 20/20 MP: 5/5
  1429 | D:2      | 1429 ||| UPGRADING to amulet of reflection.
  1439 | D:2      | 1439 ||| DROPPING amulet of regeneration.
  1440 | D:2      | 1440 ||| READING 3 scrolls of identify.
  1440 | D:2      | 1440 ||| IDENTIFYING viscous emerald potion
  1441 | D:2      | 1441 ||| READING 2 scrolls of identify.
  1441 | D:2      | 1441 ||| IDENTIFYING puce potion
  1442 | D:2      | 1442 ||| DROPPING potion of magic.
  1551 | D:3      | Reached skill level 7 in Ranged Weapons
  1804 | D:3      | 1804 ||| FLEEEEING.
  1805 | D:3      | 1805 ||| FLEEEEING.
  1806 | D:3      | 1806 ||| FLEEEEING.
  1807 | D:3      | 1807 ||| FLEEEEING.
  1808 | D:3      | 1808 ||| FLEEEEING.
  1816 | D:3      | Reached XP level 4. HP: 19/25 MP: 6/6
  2376 | D:3      | 2376 ||| UPGRADING to +0 pair of gloves.
  2381 | D:3      | 2381 ||| UPGRADING to +2 pair of boots of rampaging.
  2386 | D:3      | 2386 ||| UPGRADING to +0 ring mail.
  2396 | D:3      | 2396 ||| DROPPING +0 leather armour.
  2397 | D:3      | 2397 ||| READING scroll of identify.
  2397 | D:3      | 2397 ||| IDENTIFYING bubbling silvery potion
  2398 | D:3      | 2398 ||| READING 3 scrolls labelled MODOZUCZAHOAP.
  2398 | D:3      | 2398 ||| ENCHANTING +0 shortbow.
  2399 | D:3      | 2399 ||| READING 2 scrolls of enchant weapon.
  2399 | D:3      | 2399 ||| ENCHANTING +1 shortbow.
  2400 | D:3      | 2400 ||| READING scroll of enchant weapon.
  2400 | D:3      | 2400 ||| ENCHANTING +2 shortbow.
  2438 | D:4      | Reached skill level 8 in Ranged Weapons
  2438 | D:4      | Slain by a gnoll

Levels and vault maps discovered:
D:1:      doesnt_arrival_eight_statues, layout_basic, hex_intersection
D:2:      layout_basic, grunt_ministairs_10
D:3:      layout_loops_corners
D:4:      layout_gridville, dreamdust_divine_triumvirate, nicolae_the_louvre,
          uniq_duvessa, uniq_blork_the_orc

Skill      XL: |  1  2  3  4 |
---------------+-------------+-----
Ranged Weapons | 6 7 8 |  8.0
Fighting       | |  1.5
Dodging        | |  2.4
Stealth        | |  1.2

Action                     |  1- 3 |  4- 6 || total
---------------------------+-------+-------++-------
   Fire: Shortbow          |    97 |    31 ||   128
    Use: Scroll            |     4 |     4 ||     8
 Armour: Leather armour    |    27 |     6 ||    33
         Ring mail         |       |     8 ||     8
  Dodge: Dodged            |    23 |    11 ||    34
  Block: Other             |       |     6 ||     6

Table legend:
 A = Non-vault XP
 B = Vault XP
 C = Vault XP percentage of total XP
 D = Non-vault monster count
 E = Vault monster count
 F = Vault count percentage of total count
                 A         B        C        D         E       F
            +---------+---------+-------+---------+---------+-------
      Total |     152 |       4 |   2.6 |      42 |       2 |   4.5
            +---------+---------+-------+---------+---------+-------
        D:1 |      17 |       0 |   0.0 |      11 |       0 |   0.0
        D:2 |      40 |       4 |   9.1 |      14 |       2 |  12.5
        D:3 |      81 |       0 |   0.0 |      16 |       0 |   0.0
        D:4 |      14 |       0 |   0.0 |       1 |       0 |   0.0
            +---------+---------+-------+---------+---------+-------
